Map: Corrosion EC

Players

HoldTheDoor

  • Race: Protoss Protoss
  • League: Diamond
  • Spawn Location: 11:00

crochon - Winner!

  • Race: Zerg Zerg
  • League: Diamond
  • Spawn Location: 5:00

VOD

Have the link to the VOD?

Description

Time

  • Played on: July 14, 2018, 2:30 p.m.
  • Length: 17:41
Show
View Real Time Build Order
Export as new Build Order

HoldTheDoor Protoss 

Build Orders: Oracle Opening 

Get SALT Encoding   

  12  0:00  Probe  
  13  0:13  Probe  
  14  0:20  Pylon  
  14  0:25  Probe  
  15  0:37  Probe  
  15  0:39  Gateway  
  16  0:45  Probe  
  16  0:49  Assimilator  
  17  0:54  Probe  
  17  0:58  Assimilator  
  18  1:06  Probe  
  20  1:18  Probe  
  20  1:29  Cybernetics Core  
  20  1:30  Probe  
  21  1:37  Pylon  
  21  1:39  Probe  
  22  1:47  Probe  
  23  1:57  Probe  
  24  2:06  Adept  
  24  2:07  Warp Gate  
  26  2:09  Probe  
  26  2:12  Stargate  
  27  2:21  Probe  
  28  2:32  Gateway  
  28  2:33  Sentry, Probe  
  31  2:46  Pylon  
  31  3:04  Probe, Zealot, Oracle  
  37  3:14  Twilight Council  
  37  3:16  Probe  
  38  3:26  Pylon  
  38  3:28  Probe  
  39  3:35  Oracle  
  39  3:44  Zealot  
  39  3:47  Probe  
  45  4:02  Nexus  
  45  4:03  Pylon  
  45  4:07  Pylon  
  45  4:20  Pylon  
  45  4:21  Probe, Oracle  
  49  4:55  Charge, Oracle  
  52  5:20  Probe  
  53  5:23  Probe  
  53  5:26  Oracle  
  54  5:32  Probe, Zealot  
  54  5:33  Zealot  
  59  5:36  Assimilator  
  59  5:41  Probe  
  63  5:47  Probe  
  64  5:53  Probe  
  64  5:56  Pylon  
  65  5:57  Zealot x2  
  65  5:59  Pylon  
  65  6:03  Oracle  
  72  6:14  Stargate  
  72  6:18  Gateway  
  72  6:20  Probe x2, Gateway  
  74  6:30  Zealot  
  74  6:31  Zealot  
  75  7:07  Zealot x2, Oracle  
  79  7:09  Oracle  
  85  7:18  Zealot  
  85  7:20  Zealot  
  89  7:33  Pylon  
  89  7:38  Oracle  
  89  7:42  Zealot x4  
  97  7:49  Oracle  
  51  8:51  Oracle  
  51  8:52  Oracle  
  48  8:59  Zealot x4  
  62  9:11  Gateway x2  
  62  9:13  Gateway  
  62  9:14  Assimilator  
  62  9:15  Robotics Facility  
  62  9:17  Gateway  
  62  9:20  Zealot x4  
  70  9:30  Probe x2  
  72  9:31  Oracle  
  72  9:33  Oracle  
  72  9:37  Protoss Air Weapons Level 1  
  78  9:45  Pylon  
  78  9:47  Gateway  
  78  9:49  Probe  
  78  9:50  Probe, Gateway  
  80  9:53  Pylon  
  80  9:57  Pylon  
  80  9:59  Pylon  
  68  10:00  Oracle  
  68  10:01  Oracle  
  68  10:04  Immortal  
  58  10:10  Zealot x3  
  58  10:11  Zealot  
  68  10:27  Zealot x4  
  77  10:35  Probe x2  
  77  10:42  Warp Prism, Oracle x2  
  84  10:44  Pylon  
  84  10:45  Zealot x4  
  94  10:52  Probe x2  
  96  11:08  Nexus  
  96  11:11  Pylon  
  96  11:13  Pylon  
  96  11:16  Assimilator  
  96  11:19  Sentry x3  
  96  11:24  Pylon  
  102  11:26  Oracle  
  102  11:28  Immortal  
  102  11:30  Oracle  
  112  11:41  Probe, Protoss Air Armor Level 1  
  113  12:01  Oracle  
  113  12:03  Probe  
  117  12:10  Zealot x3  
  117  12:12  Zealot  
  125  12:21  Probe x3  
  128  12:31  Assimilator, Oracle  
  128  12:33  Probe x2  
  119  12:40  Zealot x3  
  78  12:52  Zealot x3  
  78  12:53  Zealot x2  
  79  13:03  Probe x3  
  75  13:15  Probe x3  
  75  13:19  Warp Prism, Oracle  
  81  13:20  Oracle  
  85  13:27  Probe x2  
  78  13:48  Zealot x2  
  78  13:49  Zealot x4  
  78  13:50  Zealot  
  92  14:02  Fleet Beacon  
  92  14:14  Zealot x3  
  92  14:15  Zealot  
  100  14:31  Zealot  
  100  14:32  Zealot x2  
  100  14:33  Zealot  
  100  14:38  Zealot x2  
  108  15:06  Zealot x4  
  114  15:07  Zealot x2  
  114  15:10  Probe x2  
  112  15:19  Zealot x2  
  116  15:21  Observer  
  117  15:39  Probe  
  117  15:41  Pylon  
  118  15:46  Shield Battery  
  118  15:54  Immortal  
  122  16:13  Pylon  
  121  16:24  Pylon  
  121  16:33  Immortal  
  131  16:59  Probe x2  
  131  17:00  Probe  
  140  17:07  Nexus  
  140  17:17  Pylon  
  144  17:23  Probe  
  144  17:29  Templar Archives  
Show
View Real Time Build Order
Export as new Build Order

crochon Zerg - Winner!

Build Orders: Hatch First 

Get SALT Encoding   

  12  0:01  Drone  
  13  0:12  Overlord  
  13  0:17  Drone  
  14  0:30  Drone x2  
  14  0:35  Drone  
  17  0:51  Hatchery  
  17  0:56  Drone  
  17  0:58  Drone  
  18  1:11  Extractor  
  18  1:15  Spawning Pool  
  18  1:16  Drone  
  17  1:20  Drone  
  18  1:28  Drone  
  19  1:46  Overlord  
  19  1:52  Drone  
  20  2:02  Queen  
  20  2:03  Zergling x4  
  20  2:06  Queen  
  26  2:10  Metabolic Boost  
  26  2:14  Drone x2  
  28  2:28  Drone x2  
  30  2:36  Drone  
  30  2:37  Drone  
  32  2:42  Hatchery  
  31  2:48  Queen  
  33  3:02  Drone x2  
  33  3:03  Drone  
  36  3:12  Overlord x2  
  36  3:15  Overlord  
  36  3:18  Spore Crawler  
  36  3:19  Spore Crawler  
  34  3:20  Drone x2  
  34  3:23  Overlord  
  36  3:30  Queen  
  38  3:38  Zergling x8  
  42  3:42  Drone x2  
  44  3:54  Queen  
  44  3:55  Drone x4  
  50  4:03  Lair  
  50  4:05  Extractor  
  50  4:06  Extractor, Drone  
  50  4:07  Drone  
  50  4:09  Drone  
  51  4:14  Drone x2  
  51  4:15  Drone  
  54  4:20  Drone x2  
  54  4:24  Spore Crawler  
  55  4:27  Spore Crawler  
  55  4:29  Drone  
  47  4:54  Drone x2  
  47  4:55  Drone x8  
  57  5:02  Drone x3  
  57  5:05  Hydralisk Den  
  59  5:09  Baneling Nest  
  59  5:11  Queen  
  60  5:24  Extractor, Drone x3  
  60  5:25  Drone x2  
  60  5:26  Drone x2  
  66  5:36  Muscular Augments  
  66  5:39  Evolution Chamber  
  66  5:41  Drone  
  66  5:42  Evolution Chamber, Drone  
  66  5:58  Overseer  
  66  6:03  Overlord x5  
  66  6:05  Zerg Missile Weapons Level 1  
  66  6:07  Zerg Ground Armor Level 1  
  66  6:08  Pneumatized Carapace  
  66  6:29  Drone x5  
  66  6:30  Drone x3  
  74  6:33  Extractor  
  74  6:36  Hydralisk x3  
  74  6:38  Hatchery  
  78  6:48  Grooved Spines  
  67  6:54  Hydralisk x3  
  67  6:55  Hydralisk x3  
  74  7:06  Drone x3  
  74  7:07  Drone x2  
  74  7:08  Drone  
  80  7:09  Drone  
  80  7:10  Drone x2  
  82  7:37  Drone  
  82  7:38  Drone x4  
  82  7:40  Zergling x8, Spore Crawler  
  82  7:43  Baneling x3  
  90  7:51  Queen  
  90  7:54  Spore Crawler x2  
  86  8:04  Baneling x6  
  86  8:05  Baneling x2  
  86  8:06  Hydralisk  
  86  8:07  Hydralisk x6  
  100  8:26  Extractor  
  83  8:37  Hydralisk x9  
  85  8:41  Zergling x4  
  85  8:42  Zergling x2  
  82  8:50  Zergling x8  
  81  9:04  Zerg Ground Armor Level 2, Zerg Missile Weapons Level 2  
  81  9:15  Drone x8  
  89  9:18  Extractor  
  88  9:26  Drone  
  88  9:27  Drone x2  
  88  9:30  Spine Crawler x2, Drone x3  
  92  9:33  Spine Crawler, Drone x2  
  92  9:34  Drone x2  
  95  9:41  Baneling x5  
  95  9:42  Baneling x2  
  95  9:45  Drone x4  
  97  9:49  Hatchery  
  88  10:04  Zergling x18  
  88  10:05  Zergling x2  
  90  10:18  Overlord x2  
  90  10:26  Infestation Pit  
  89  10:29  Drone x6  
  95  10:36  Hydralisk  
  97  10:57  Drone x5  
  97  10:58  Drone x2  
  97  10:59  Extractor  
  97  11:02  Extractor  
  97  11:03  Baneling x11  
  97  11:04  Baneling x7  
  100  11:10  Pathogen Glands, Hive  
  100  11:14  Spire  
  100  11:17  Hydralisk x11  
  121  11:29  Drone x4  
  125  11:33  Spine Crawler, Drone  
  125  11:34  Spine Crawler, Drone x2  
  125  11:35  Spine Crawler  
  125  11:36  Spine Crawler  
  124  11:41  Overseer  
  124  11:42  Overseer x2  
  124  11:47  Overseer  
  124  11:48  Overseer  
  124  11:51  Zergling x6  
  124  11:53  Overlord  
  124  11:54  Overlord x3  
  127  12:01  Hatchery  
  127  12:07  Zergling x2  
  127  12:11  Queen  
  127  12:12  Zergling x12  
  135  12:28  Centrifical Hooks  
  135  12:29  Greater Spire  
  135  12:36  Hatchery  
  117  12:45  Hydralisk x12  
  114  13:05  Hydralisk x4  
  111  13:09  Zergling x8  
  121  13:27  Corruptor  
  121  13:28  Corruptor x11  
  145  13:37  Baneling x2  
  145  13:38  Baneling x5  
  143  13:53  Extractor, Drone x6  
  143  13:55  Extractor  
  147  13:58  Spine Crawler x2, Drone x4  
  147  13:59  Drone  
  147  14:00  Drone x2  
  147  14:01  Spine Crawler, Drone x3  
  154  14:07  Brood Lord x4  
  162  14:10  Brood Lord  
  164  14:18  Zerg Missile Weapons Level 3  
  164  14:22  Zerg Flyer Weapons Level 1  
  164  14:25  Hydralisk x3  
  170  14:36  Zerg Ground Armor Level 3  
  170  14:37  Zergling x2  
  171  14:40  Overlord x6  
  171  15:11  Hatchery  
  170  15:22  Queen  
  173  15:28  Zergling x2  
  173  15:29  Adrenal Glands  
  173  15:30  Corruptor  
  173  15:31  Corruptor x12  
  199  15:55  Spine Crawler  
  198  15:57  Spine Crawler  
  198  16:01  Spine Crawler  
  198  16:02  Spine Crawler  
  198  16:03  Spine Crawler  
  194  16:04  Spine Crawler  
  194  16:06  Spine Crawler  
  192  16:11  Spine Crawler  
  192  16:13  Spine Crawler  
  192  16:14  Spine Crawler  
  192  16:15  Spine Crawler  
  192  16:17  Extractor  
  192  16:18  Spine Crawler  
  186  16:21  Extractor  
  185  16:29  Brood Lord x4  
  185  16:30  Brood Lord  
  185  16:31  Spore Crawler  
  185  16:32  Spore Crawler  
  193  16:33  Spore Crawler x3  
  193  16:34  Spore Crawler  
  193  16:35  Brood Lord, Spore Crawler  
  193  16:36  Spore Crawler  
  189  16:41  Drone  
  189  16:42  Drone x4  
  194  16:51  Drone x5  
  194  16:52  Drone  
  200  17:03  Overseer  
Tags
 
Add a new tag
Caveats
  • Supply blocks, unpowered buildings, or Contaminate may cause inaccurate times.
  • Supply counts are checked every 10 seconds.